Map: Daybreak LE (Void)

Players

Akyllez

  • Race: Terran Terran
  • Spawn Location: 7:00

Fropez - Winner!

  • Race: Protoss Protoss
  • League: Gold
  • Spawn Location: 1:00

VOD

Have the link to the VOD?

Description

Time

  • Played on: Dec. 5, 2016, 10:59 a.m.
  • Length: 6:47
Show
View Real Time Build Order
Export as new Build Order

Akyllez Terran 

Build Orders:  

Get SALT Encoding   

  12  0:02  SCV  
  14  0:14  SCV  
  14  0:19  Supply Depot  
  14  0:26  SCV  
  15  0:43  SCV, Barracks  
  16  0:51  Refinery  
  16  0:56  SCV  
  17  1:06  Supply Depot  
  17  1:17  Barracks  
  17  1:18  SCV  
  18  1:30  Marine, SCV  
  20  1:47  Marine  
  21  1:57  Barracks  
  21  2:04  Barracks Reactor  
  21  2:05  Marine  
  22  2:15  Orbital Command  
  22  2:35  Barracks Tech Lab  
  22  2:40  Marine x2  
  24  2:48  Barracks Reactor  
  24  2:49  Factory  
  24  2:58  Marine x2  
  24  3:06  SCV, Refinery  
  25  3:16  Supply Depot  
  25  3:18  SCV  
  26  3:23  Stimpack  
  26  3:27  Marine  
  26  3:28  Marine  
  26  3:30  SCV  
  26  3:31  Marine x2  
  31  3:39  Supply Depot  
  31  3:51  Marine x4  
  31  3:55  Factory Tech Lab  
  35  4:01  Supply Depot  
  35  4:02  Starport  
  35  4:27  Command Center  
  35  4:34  SCV  
  34  4:46  SCV  
  30  4:58  Starport Reactor  
  30  4:59  Engineering Bay  
  30  5:02  SCV  
  31  5:15  Siege Tank, SCV  
  35  5:27  SCV  
  36  5:41  Refinery  
  36  5:45  SCV  
  36  5:48  Orbital Command  
  15  6:04  Supply Depot  
  15  6:06  SCV  
  16  6:18  SCV  
  17  6:19  SCV  
  18  6:30  SCV  
Show
View Real Time Build Order
Export as new Build Order

Fropez Protoss - Winner!

Build Orders: Oracle Opening 

Get SALT Encoding   

  12  0:01  Probe (Chrono Boost)  
  13  0:19  Pylon  
  13  0:20  Probe (Chrono Boost)  
  14  0:38  Gateway  
  14  0:41  Assimilator  
  14  0:42  Probe (Chrono Boost)  
  15  0:52  Probe (Chrono Boost)  
  16  1:04  Pylon  
  16  1:08  Pylon  
  16  1:12  Pylon  
  16  1:26  Cybernetics Core  
  16  1:30  Assimilator  
  16  1:33  Probe (Chrono Boost)  
  17  1:45  Probe (Chrono Boost)  
  17  2:03  Mothership Core (Chrono Boost)  
  19  2:30  Stargate  
  19  2:32  Probe (Chrono Boost)  
  20  2:42  Probe (Chrono Boost)  
  21  3:28  Probe  
  21  3:34  Pylon  
  22  3:38  Pylon  
  22  3:45  Pylon  
  22  3:50  Stargate, Warp Gate  
  22  3:51  Stalker  
  22  3:52  Oracle (Chrono Boost)  
  27  4:10  Probe  
  27  4:11  Pylon  
  28  4:24  Oracle (Chrono Boost)  
  34  4:43  Oracle (Chrono Boost)  
  34  5:05  Oracle (Chrono Boost)  
  37  5:07  Zealot  
  36  6:15  Gateway x2  
  36  6:19  Gateway  
  36  6:22  Gateway  
  42  6:29  Gateway  
  42  6:31  Gateway  
  42  6:34  Pylon  
Tags
 
League
Gold
Matchup
PvT
Replay Pack
All Mines
Spawn Locations
Cross Positions
Add a new tag
Caveats
  • Supply blocks, unpowered buildings, or Contaminate may cause inaccurate times.
  • Supply counts are checked every 10 seconds.